 Dungeon Crawl Stone Soup version 0.19.5 (webtiles) character file.

80 snowfan the Magician (level 4, -1/36 HPs)
             Began as a Deep Elf Fire Elementalist on Apr 10, 2017.
             Slain by a goblin (2 damage)
             ... led by Robin
             ... on level 2 of the Dungeon.
             The game lasted 00:07:14 (1651 turns).

snowfan the Magician (Deep Elf Fire Elementalist)   Turns: 1651, Time: 00:07:15

Health: -1/36      AC:  2    Str: 10    XL:     4   Next: 18%
Magic:  2/12       EV: 13    Int: 21    God:
Gold:   49         SH:  0    Dex: 15    Spells: 2 memorised, 8 levels left

rFire  . . .     SeeInvis .     g - +0 dagger
rCold  . . .     Gourm    .     a - +0 robe
rNeg   . . .     Faith    .     (no shield)
rPois  .         Spirit   .     (no helmet)
rElec  .         Reflect  .     (no cloak)
rCorr  .         Harm     .     (no gloves)
MR     .....                    (no boots)
Stlth  ..........               m - amulet of rage
                                (no ring)
                                (no ring)

@: berserking, very quick
A: no striking features
a: Evoke Berserk Rage


You were on level 2 of the Dungeon.
You were not hungry.

You visited 1 branch of the dungeon, and saw 3 of its levels.

You collected 49 gold pieces.

Inventory:

Hand Weapons
 g - a +0 dagger (weapon)
Armour
 a - a +0 robe (worn)
Jewellery
 m - an amulet of rage (around neck)
Scrolls
 d - a scroll of fear {unknown}
 e - a scroll of teleportation {unknown}
 f - 3 scrolls of amnesia {unknown}
 i - 2 scrolls of identify {unknown}
 j - 2 scrolls of recharging {unknown}
 k - a scroll of magic mapping {unknown}
 o - a scroll of remove curse {unknown}
Potions
 l - a potion of curing
Books
 b - a book of Flames

   Spells                             Type                      Level
   a - Flame Tongue                   Conjuration/Fire             1
   b - Throw Flame                    Conjuration/Fire             2
   c - Conjure Flame                  Conjuration/Fire             3
   d - Inner Flame                    Hexes/Fire                   3
   e - Sticky Flame                   Conjuration/Fire             4
   f - Fireball                       Conjuration/Fire             5
Comestibles
 c - a bread ration
 h - 2 meat rations
 n - a slice of pizza
 q - a chunk of flesh


   Skills:
 + Level 3.2 Dodging
 - Level 2.4 Stealth
 * Level 4.7 Spellcasting
 * Level 2.1 Conjurations
 + Level 3.6 Fire Magic


You had 8 spell levels left.
You knew the following spells:

 Your Spells              Type           Power        Failure   Level  Hunger
a - Flame Tongue          Conj/Fire      ###..        3%          1    None
d - Conjure Flame         Conj/Fire      ###.....     12%         3    ##.....


Dungeon Overview and Level Annotations

Branches:
Dungeon (3/15)

Altars:

Annotations:
D:2 Robin


Message History

The goblin barely misses you.
You are too berserk!
You are too berserk!
You puncture the goblin!
You kill the goblin!
The goblin hits you.
* * * LOW HITPOINT WARNING * * *
You closely miss the goblin.
The goblin is moderately wounded.
The goblin barely misses you. The goblin hits you.
* * * LOW HITPOINT WARNING * * *
You puncture the goblin!
You kill the goblin!
You barely miss the goblin.
The goblin is moderately wounded.
The goblin misses you.
You closely miss the goblin.
The goblin is moderately wounded.
The goblin hits you.
You die...

#.#.# .. ######.#.#
######
#...#......#.###....#
...K....(.g..†)..>..#
...#.#.#####.##.÷..#
#g# #g##....# #.#
#.##....#
#K#####.###.###
#gg@).g.# #.#
######..# #.# ..# #..
. .# ### .##.# ..#.#
###.#.## #......#
#.#..#.##.#


You could see a hobgoblin, 2 goblins and a kobold.

Vanquished Creatures
  A gnoll (D:1)
  3 adders
  A worm (D:3)
  A leopard gecko (D:2)
  8 goblins
  2 hobgoblins (D:1)
  11 jackals
  4 kobolds
  A ball python (D:3)
  3 bats
  A frilled lizard (D:2)
  2 rats
38 creatures vanquished.

Notes
Turn   | Place    | Note
-------+----------+-------------------------------------------
     0 | D:1      | snowfan the Deep Elf Fire Elementalist began the quest for the Orb.
     0 | D:1      | Reached XP level 1. HP: 10/10 MP: 6/6
   315 | D:1      | Reached XP level 2. HP: 15/15 MP: 6/8
   819 | D:2      | Reached XP level 3. HP: 19/19 MP: 3/10
   915 | D:2      | Reached skill level 4 in Spellcasting
  1520 | D:3      | Reached XP level 4. HP: 19/24 MP: 5/12
  1617 | D:2      | Learned a level 3 spell: Conjure Flame
  1619 | D:2      | Noticed Robin
  1648 | D:2      | HP: 1/36 [goblin[Robin] (2)]
  1651 | D:2      | Slain by a goblin

Skill      XL: |  1  2  3 |
---------------+----------+-----
Conjurations   | 2 |  2.1
Spellcasting   | 4 |  4.7
Dodging        | 3 |  3.2
Stealth        | |  2.4
Fire Magic     | |  3.6

Action                   |  1- 3 |  4- 6 || total
-------------------------+-------+-------++-------
Melee: Dagger            |     6 |     8 ||    14
 Cast: Flame Tongue      |    61 |    11 ||    72
       Conjure Flame     |       |     2 ||     2
  Use: Potion            |     2 |     1 ||     3
  Eat: Chunk             |     1 |     1 ||     2
Armor: Robe              |    13 |     3 ||    16
Dodge: Dodged            |    59 |    10 ||    69
